 Dungeon Crawl Stone Soup version 0.28-a0-804-g60983d4ba9 (webtiles) character file.

Game seed: 3800847054389887817

39 croobank the Insei (level 3, -3/23 HPs)
             Began as an Octopode Transmuter on Nov 7, 2021.
             Slain by an ogre (26 damage)
             ... on level 2 of the Dungeon.
             The game lasted 00:05:41 (1711 turns).

croobank the Insei (Octopode Transmuter)            Turns: 1711, Time: 00:05:41

Health: -3/23      AC:  1    Str: 10    XL:     3   Next: 47%
Magic:  4/6        EV: 13    Int: 15    God:
Gold:   10         SH:  0    Dex: 12    Spells: 0/6 levels left

rFire   . . .      SeeInvis .     - Unarmed
rCold   . . .      Faith    .   (no shield)
rNeg    . . .      Spirit   .   (helmet restricted)
rPois   .          Reflect  .   (no amulet)
rElec   .          Harm     .   (no ring)
rCorr   .          Rampage  .   (no ring)
Will    .....                   (no ring)
Stlth   ++........              (no ring)
HPRegen 0.07/turn               (no ring)
MPRegen 0.10/turn               (no ring)
                                (no ring)
                                (no ring)

@: wereblooded, hasted, very quick
A: almost no armour, amphibious, 8 rings, camouflage 1, gelatinous body 1,
(nimble swimmer 1), tentacles
a: no special abilities


You were on level 2 of the Dungeon.
You visited 1 branch of the dungeon, and saw 2 of its levels.

You collected 10 gold pieces.

Inventory:

Hand Weapons
 c - a +0 quarterstaff
 e - a +0 short sword
 g - a +0 dagger
Missiles
 a - 19 bolts
 d - 76 stones
Potions
 f - a potion of flight


   Skills:
 + Level 1.2 Fighting
 + Level 0.5 Maces & Flails
 + Level 2.2 Dodging
 + Level 0.2 Stealth
 + Level 3.7 Unarmed Combat
 + Level 2.1 Spellcasting
 + Level 2.2 Transmutations


You couldn't memorise any spells.
You knew the following spells:

 Your Spells              Type           Power      Damage    Failure   Level
a - Beastly Appendage     Tmut           16%        N/A       9%          1
b - Wereblood             Tmut           8%         N/A       13%         2
c - Spider Form           Tmut/Pois      4%         N/A       38%         3

Your spell library contained the following spells:

 Spells                   Type           Power      Damage    Failure   Level
 Ice Form                 Ice/Tmut       4%         N/A       80%         4


Dungeon Overview and Level Annotations

Branches:
Dungeon (2/15)

Altars:


Innate Abilities, Weirdness & Mutations

You cannot wear most types of armour.
You are amphibious.
You can wear up to eight rings at the same time.
Your skin changes colour to match your surroundings (Stealth+).
Your rubbery body absorbs attacks. (AC +1, EV +1)
((You are camouflaged near water. (Stealth+)))
You have tentacles for arms and can constrict up to eight enemies at once.


Message History

The ball python constricts you.
You tentacle-slap the ball python.
You kill the ball python!
You tentacle-slap the ball python. You grab the ball python.
The ball python is heavily wounded.
You constrict the ball python. The ball python closely misses you.
The ball python grabs you. The ball python constricts you.
You barely miss the ball python.
The ball python is severely wounded.
You constrict the ball python, but do no damage.
The ball python misses you. The ball python constricts you.
You tentacle-slap the ball python.
You kill the ball python!
You start resting.
HP restored.
You start waiting.
Done waiting.
You see here an adder skeleton.
This spell is extremely dangerous to cast!
Memorise Spider Form, consuming 3 spell levels and leaving 0?
You start memorising the spell.
You continue memorising. x3
You finish memorising.
Spell assigned to 'c'.
You see here a hobgoblin skeleton.
An ogre comes into view. It is wielding a +0 giant club.
Okay, then.
As you read the scroll labelled IMATSAKLYST, it crumbles to dust.
It is a scroll of identify.
You don't have any unidentified items.
Casting: Wereblood (safe; 13% risk of failure)
Confirm with . or Enter, or press ? or * to list all spells.
Your blood is infused with primal strength.
You feel yourself speed up.
A ball python comes into view.
The ogre shouts!
The ball python hisses angrily.
You closely miss the ogre. You tentacle-slap the ogre.
The ogre is moderately wounded.
The ogre hits you with a +0 giant club!!
Ouch! That really hurt!
You die...

#[
#.##..##...###.....#
#.##.##...#..##
#####..
#....##<.....#
#.#####......# #.
#..##..## ##
#..##...# #.....#.##
#...###..###.#
.....# #@.S...#
..##.# #O.....# .
..(....# ##......#
##..#### .## ##


You could see an ogre and a ball python.

Vanquished Creatures
  An adder (D:2)
  A dart slug (D:1)
  2 bats (D:1)
  4 endoplasms (D:1)
  A giant cockroach (D:1)
  6 hobgoblins
  2 kobolds (D:1)
  4 ball pythons
  A frilled lizard (D:1)
  2 goblins (D:1)
  A rat (D:1)
25 creatures vanquished.

Notes
Turn   | Place    | Note
-------+----------+-------------------------------------------
     0 | D:1      | croobank the Octopode Transmuter began the quest for the
                  | Orb.
     0 | D:1      | Reached XP level 1. HP: 13/13 MP: 3/3
   173 | D:1      | Reached XP level 2. HP: 4/18 MP: 5/5
   588 | D:1      | Learned a level 2 spell: Wereblood
  1256 | D:1      | Reached XP level 3. HP: 23/23 MP: 3/6
  1388 | D:2      | Found a faded altar of an unknown god.
  1691 | D:2      | Learned a level 3 spell: Spider Form
  1703 | D:2      | Noticed an ogre
  1711 | D:2      | Slain by an ogre

Illustrated notes

Levels and vault maps discovered:
D:1:      minmay_arrival_open_corners, layout_basic
D:2:      layout_rooms, ebering_ecumenical_altar_abandoned

Action                   || total
-------------------------++-------
Melee: Whip              ||    15
       Unarmed           ||    22
       Constrict         ||    13
       Tentacles         ||    11
       Dagger            ||    19
 Cast: Wereblood         ||     3
  Use: Potion            ||     3
       Scroll            ||     3
 Stab: Sleeping          ||     3
Armor: Skin              ||     4
Dodge: Dodged            ||    22

Table legend: (Time is in decaauts)
 A = Elapsed time spent in this place.
 B = Non-inter-level travel time spent in this place.
 C = Inter-level travel time spent in this place.
 D = Time resting spent in this place.
 E = Time spent auto-exploring this place.
 F = Levels seen in this place.
 G = Mean time per level.
                   A        B        C        D        E       F      G
               +--------+--------+--------+--------+--------+-----+--------+
         Total |   1688 |   1674 |     14 |    996 |    408 |   2 |  844.0 |
       Dungeon |   1688 |   1674 |     14 |    996 |    408 |   2 |  844.0 |
               +--------+--------+--------+--------+--------+-----+--------+

Top non-repeatable levels by time:
     D:1: 1334 daAuts
     D:2: 353 daAuts
